 Dungeon Crawl Stone Soup version 0.30-a0-591-g3c58d2bc28 (webtiles) character file.

Game seed: 11694672936195915628

21 Oxelix the Ducker (level 3, 0/25 HPs)
             Began as a Djinni Hedge Wizard on Jan 5, 2023.
             Slain by a quokka (2 damage)
             ... on level 1 of the Dungeon.
             The game lasted 00:03:48 (518 turns).

Oxelix the Ducker (Djinni Hedge Wizard)              Turns: 518, Time: 00:03:48

Health: 0/25       AC:  3    Str:  9    XL:     3   Next: 5%
Gold:   0          EV: 13    Int: 17    God:
                   SH:  0    Dex: 18

rFire   + + .      SeeInvis .    a - +0 dagger
rCold   x . .      Faith    .    (no shield)
rNeg    . . .      Spirit   .    b - +0 robe
rPois   ∞          Reflect  .    c - +0 hat
rElec   .          Harm     .    (no cloak)
rCorr   .          Rampage  .    h - +0 pair of gloves
Will    .....                    (boots unavailable)
Stlth   ++                       (no amulet)
HPRegen 0.24/turn                i - +6 ring of dexterity
MPRegen 0.00/turn                (no ring)

@: flying
A: sickness immunity, fire resistance 2, cold vulnerability 1, float, innate
caster, HP casting, extra vitality 1
a: no special abilities


You were on level 1 of the Dungeon.
You visited 1 branch of the dungeon, and saw 1 of its levels.

Inventory:

Hand Weapons
 a - a +0 dagger (weapon)
Armour
 b - a +0 robe (worn)
 c - a +0 hat (worn)
 h - a +0 pair of gloves (worn)
Jewellery
 i - a +6 ring of dexterity (left hand)
Potions
 d - 2 potions of magic
 e - a potion of curing {unknown}
 f - 2 potions of brilliance {unknown}
 g - a potion of lignification {unknown}
 j - a potion of might {unknown}


   Skills:
 + Level 3.0 Dodging
 - Level 1.5 Stealth
 + Level 2.8 Spellcasting


You couldn't memorise any spells.
You knew the following spells:

 Your Spells              Type           Power      Damage    Failure   Level
a - Magic Dart            Conj           48%        1d5       5%          1
b - Slow                  Hex            48%        N/A       5%          1
c - Blink                 Tloc           24%        N/A       9%          2
d - Call Imp              Summ           12%        N/A       9%          2
e - Cigotuvi's Dreadful   Necr/Pois/Air  24%        N/A       9%          2
f - Mephitic Cloud        Conj/Pois/Air  12%        N/A       17%         3
g - Necrotise             Necr           48%        1d6       5%          1
Your spell library was empty.

Dungeon Overview and Level Annotations

Branches:
Dungeon (1/15)

Altars:


Innate Abilities, Weirdness & Mutations

You are immune to sickness and miasma.
You are immune to poison.
Your flesh is very heat resistant. (rF++)
You are vulnerable to cold. (rC-)
You float through the air rather than walking.
You learn spells naturally, not from books.
Your magical power is your life essence.
You have superior vitality. (+4 MHP)


Message History

* * * LOW HITPOINT WARNING * * *
A quokka and a rat come into view.
The quokka attacks as you move away! The quokka barely misses you.
Casting: Magic Dart (safe; 6% risk of failure)
Confirm with . or Enter, or press ? or * to list all spells.
A beastly little devil appears in a puff of frigid air.
* * * LOW HITPOINT WARNING * * *
The quokka misses you. The quokka bites you.
* * * LOW HITPOINT WARNING * * *
The quokka attacks as you move away!
The quokka bites you but does no damage.
The rat twitches its whiskers.
The quokka bites your white imp but does no damage.
Your white imp barely misses the quokka.
The jackal attacks as you move away! The jackal bites you.
* * * LOW HITPOINT WARNING * * *
The quokka bites you but does no damage.
The jackal misses you.
Your white imp gestures at the quokka.
The puff of frost hits the quokka!
The quokka dies!
Your Dodging skill increases to level 3!
You have reached level 3!
Your experience leads to an increase in your attributes!
Your base attributes are Str 9, Int 15, Dex 12.
Increase (S)trength, (I)ntelligence, or (D)exterity?
You feel clever. x2
The power to cast Necrotise wells up from within.
Spell assigned to 'g'.
The jackal attacks as you move away!
The jackal bites you but does no damage.
Your white imp gestures at the jackal.
The puff of frost hits the jackal!
The jackal dies!
The quokka attacks as you move away! The quokka closely misses you.
A ball python comes into view.
The quokka attacks as you move away!
The quokka bites you but does no damage.
The quokka bites you.
You die...

8≈8..# ..# # ≈≈†.<#
#.###.# 8≈8..#
######.....# ###.##
##......)?...
...#####..#....#...
#### #...##....##
.# .##..#......#
.##..#..##....†r##
..hr....#.....5r@#
.#.#.#..#........#
##.####.##......##
.# #..#......# .#
#..##....## .#
##..#....# .$
........ ##
#.###... #. ..S


You could see a quokka (ally target), a rat and a friendly white imp (summoned).

Vanquished Creatures
  2 bats (D:1)
  A giant cockroach (D:1)
  2 goblins (D:1)
  A hobgoblin (D:1)
  5 jackals (D:1)
  A kobold (D:1)
  A rat (D:1)
13 creatures vanquished.

Vanquished Creatures (collateral kills)
  A jackal (D:1)
  2 quokkas (D:1)
3 creatures vanquished.

Grand Total: 16 creatures vanquished

Notes
Turn   | Place    | Note
-------+----------+-------------------------------------------
     0 | D:1      | Oxelix the Djinni Hedge Wizard began the quest for the Orb.
     0 | D:1      | Oxelix set off with the following spells memorised: Magic
                  | Dart, Slow, Blink, Call Imp, Cigotuvi's Dreadful Rot,
                  | Mephitic Cloud.
     0 | D:1      | Reached XP level 1. HP: 15/15 MP: 0/0
   222 | D:1      | Reached XP level 2. HP: 15/21 MP: 0/0
   515 | D:1      | HP: 1/21 [jackal (2)]
   516 | D:1      | Reached skill level 3 in Dodging
   516 | D:1      | Reached XP level 3. HP: 1/25 MP: 0/0
   516 | D:1      | Learned a level 1 spell: Necrotise
   518 | D:1      | Slain by a quokka

Illustrated notes

Levels and vault maps discovered:
D:1:      lightli_arrival_statue_moat, layout_loops_cross, minmay_misc_feat_iff

Skill      XL: |  1  2 |
---------------+-------+-----
Dodging        | 3 |  3.0
Stealth        | |  1.5
Spellcasting   | |  2.8

Action                   || total
-------------------------++-------
Melee: Dagger            ||    14
 Cast: Magic Dart        ||    54
       Call Imp          ||     5
       Blink             ||     2
Armor: Robe              ||    19
Dodge: Dodged            ||    49

Table legend: (Time is in decaauts)
 A = Elapsed time spent in this place.
 B = Non-inter-level travel time spent in this place.
 C = Inter-level travel time spent in this place.
 D = Time resting spent in this place.
 E = Time spent auto-exploring this place.
 F = Levels seen in this place.
 G = Mean time per level.
                   A        B        C        D        E       F      G
               +--------+--------+--------+--------+--------+-----+--------+
         Total |    517 |    517 |      0 |    100 |    115 |   1 |  517.0 |
       Dungeon |    517 |    517 |      0 |    100 |    115 |   1 |  517.0 |
               +--------+--------+--------+--------+--------+-----+--------+

Top non-repeatable levels by time:
     D:1: 517 daAuts
